| TOP OF THE 1ST |
|
Anderson Rebels batting - Pitching for Spartanburg Spartans : LHP Scott Budner
|
|
Pitching: LHP Scott Budner
|
|
|
Batting: RHB Henry Cotto
|
0-0: Called Strike 0-1: Called Strike 0-2: Ball 1-2: Ground out 6-3 (Groundball, 6, EV 94.4 MPH)
|
|
Batting: RHB Guillermo Montiel
|
0-0: Called Strike 0-1: Ball 1-1: Ball 2-1: Called Strike 2-2: Ground out 1-3 (Groundball, 15S, EV 70.6 MPH)
|
|
Batting: RHB Mike Gallego
|
0-0: Ball 1-0: Ball 2-0: Foul Ball, location: 2F 2-1: Ball 3-1: Foul Ball, location: 2F 3-2: Base on Balls
|
|
Batting: RHB Steve Lombardozzi
|
0-0: Foul Ball, location: 2F 0-1: Fielders Choice at 2nd, 5-4 (Groundball, 56, EV 86.3 MPH)
|
| Top of the 1st over - 0 runs, 0 hits, 0 errors, 1 left on base; Anderson 0 - Spartanburg 0 |
| BOTTOM OF THE 1ST |
|
Spartanburg Spartans batting - Pitching for Anderson Rebels : RHP Carlos Ruiz
|
|
Pitching: RHP Carlos Ruiz
|
|
|
Batting: SHB Michael Vanderburg
|
0-0: Ball 1-0: Swinging Strike 1-1: Ball 2-1: SINGLE (Groundball, P, EV 92.5 MPH) (infield hit)
|
|
Batting: RHB Van Sowards
|
0-0: Ball Passed Ball! Michael Vanderburg to second 1-0: Ball 2-0: Called Strike 2-1: Ground out 4-3 (Groundball, 4M, EV 105.0 MPH) Michael Vanderburg to third
|
|
Batting: RHB Gib Seibert
|
0-0: Called Strike 0-1: Ball 1-1: Swinging Strike 1-2: Strikes out swinging
|
|
Batting: LHB John Hennell
|
0-0: Ball 1-0: Called Strike 1-1: Foul Ball, location: 2F 1-2: Foul Ball, location: 2F 1-2: Ball 2-2: Fly out, F8 (Line Drive, 8RM, EV 100.6 MPH)
|
| Bottom of the 1st over - 0 runs, 1 hit, 0 errors, 1 left on base; Anderson 0 - Spartanburg 0 |
| TOP OF THE 2ND |
|
Anderson Rebels batting - Pitching for Spartanburg Spartans : LHP Scott Budner
|
|
Batting: RHB Juan Blanco
|
0-0: Ball 1-0: Called Strike 1-1: Ground out 5-3 (Groundball, 56, EV 78.1 MPH)
|
|
Batting: RHB Todd Demeter
|
0-0: Ball 1-0: Swinging Strike 1-1: Called Strike 1-2: Strikes out swinging
|
|
Batting: RHB Pat Dempsey
|
0-0: Called Strike 0-1: Swinging Strike 0-2: Strikes out swinging
|
| Top of the 2nd over - 0 runs, 0 hits, 0 errors, 0 left on base; Anderson 0 - Spartanburg 0 |
| BOTTOM OF THE 2ND |
|
Spartanburg Spartans batting - Pitching for Anderson Rebels : RHP Carlos Ruiz
|
|
Batting: RHB Dan Boever
|
0-0: Swinging Strike 0-1: Swinging Strike 0-2: Strikes out swinging
|
|
Batting: LHB Albert Ortiz
|
0-0: Ball 1-0: SINGLE (Line Drive, 7LS, EV 105.0 MPH)
|
|
Batting: LHB Ross Kingsley
|
0-0: Grounds into double play, 4-6-3 (Groundball, 34, EV 103.1 MPH)
|
| Bottom of the 2nd over - 0 runs, 1 hit, 0 errors, 0 left on base; Anderson 0 - Spartanburg 0 |
| TOP OF THE 3RD |
|
Anderson Rebels batting - Pitching for Spartanburg Spartans : LHP Scott Budner
|
|
Batting: RHB Jose Bernhardt
|
0-0: Foul Ball, location: 2F 0-1: Foul Ball, location: 2F 0-2: Foul Ball, location: 2F 0-2: Strikes out swinging
|
|
Batting: RHB Hector Ordonez
|
0-0: Ball 1-0: Called Strike 1-1: Called Strike 1-2: Foul Ball, location: 2F 1-2: Strikes out swinging
|
|
Batting: RHB Henry Cotto
|
0-0: Called Strike 0-1: Called Strike 0-2: Foul Ball, location: 2F 0-2: Foul Ball, location: 2F 0-2: Fly out, F8 (Flyball, 8RXD, EV 100.6 MPH)
|
| Top of the 3rd over - 0 runs, 0 hits, 0 errors, 0 left on base; Anderson 0 - Spartanburg 0 |
| BOTTOM OF THE 3RD |
|
Spartanburg Spartans batting - Pitching for Anderson Rebels : RHP Carlos Ruiz
|
|
Batting: RHB Ron Dillard
|
0-0: Ball 1-0: Ball 2-0: Called Strike 2-1: Ground out 5-3 (Groundball, 5S, EV 83.8 MPH)
|
|
Batting: RHB Robin Dreizler
|
0-0: Called Strike 0-1: Called Strike 0-2: Fly out, F9 (Flyball, 9S, EV 85.6 MPH)
|
|
Batting: SHB Michael Vanderburg
|
0-0: Ball 1-0: Ball 2-0: SINGLE (Groundball, 34D, EV 108.1 MPH) (infield hit)
|
|
Batting: RHB Van Sowards
|
0-0: Ground out 6-3 (Groundball, 56, EV 105.6 MPH)
|
| Bottom of the 3rd over - 0 runs, 1 hit, 0 errors, 1 left on base; Anderson 0 - Spartanburg 0 |
| TOP OF THE 4TH |
|
Anderson Rebels batting - Pitching for Spartanburg Spartans : LHP Scott Budner
|
|
Batting: RHB Guillermo Montiel
|
0-0: DOUBLE (Line Drive, 89D, EV 110.0 MPH)
|
|
Batting: RHB Mike Gallego
|
0-0: Ball 1-0: Called Strike 1-1: Called Strike 1-2: Ball 2-2: Ball 3-2: Base on Balls
|
|
Batting: RHB Steve Lombardozzi
|
0-0: Ball 1-0: Ball 2-0: Called Strike 2-1: Ball 3-1: Swinging Strike 3-2: Foul Ball, location: 2F 3-2: Foul Ball, location: 2F 3-2: Foul Ball, location: 2F 3-2: Grounds into double play, 5-4-3 (Groundball, 5, EV 78.8 MPH) Guillermo Montiel to third
|
|
Batting: RHB Juan Blanco
|
0-0: Called Strike 0-1: Called Strike 0-2: Ball 1-2: Foul Ball, location: 2F 1-2: Ball 2-2: Foul Ball, location: 2F 2-2: Fly out, F4 (Flyball, 4MD, EV 85.6 MPH)
|
| Top of the 4th over - 0 runs, 1 hit, 0 errors, 1 left on base; Anderson 0 - Spartanburg 0 |
| BOTTOM OF THE 4TH |
|
Spartanburg Spartans batting - Pitching for Anderson Rebels : RHP Carlos Ruiz
|
|
Batting: RHB Gib Seibert
|
0-0: Ball 1-0: SINGLE (Line Drive, 89S, EV 105.0 MPH)
|
|
Batting: LHB John Hennell
|
0-0: Ball 1-0: Ball 2-0: Fly out, F9 (Flyball, 8RM, EV 88.8 MPH)
|
|
Batting: RHB Dan Boever
|
0-0: Swinging Strike 0-1: Foul Ball, location: 2F 0-2: Reached on error, E4 (Groundball, 4, EV 102.5 MPH) Gib Seibert to second
|
|
Batting: LHB Albert Ortiz
|
0-0: Ball 1-0: Fly out, F8 (Flyball, 8LD, EV 74.4 MPH) Runner from 2nd tags up, SAFE at 3rd with throw by CF
|
|
Batting: LHB Ross Kingsley
|
0-0: Called Strike 0-1: Ball 1-1: Ball 2-1: Foul Ball, location: 2F 2-2: Fly out, F9 (Flyball, 9S, EV 88.1 MPH)
|
| Bottom of the 4th over - 0 runs, 1 hit, 1 error, 2 left on base; Anderson 0 - Spartanburg 0 |
| TOP OF THE 5TH |
|
Anderson Rebels batting - Pitching for Spartanburg Spartans : LHP Scott Budner
|
|
Batting: RHB Todd Demeter
|
0-0: Ground out U3 (Groundball, 34S, EV 84.4 MPH)
|
|
Batting: RHB Pat Dempsey
|
0-0: Ball 1-0: Ground out 5-3 (Groundball, 56S, EV 69.4 MPH)
|
|
Batting: RHB Jose Bernhardt
|
0-0: Ball 1-0: Reached on error, E6 (Groundball, 56, EV 99.4 MPH)
|
|
Batting: RHB Hector Ordonez
|
0-0: Ball 1-0: Foul Ball, location: 2F 1-1: Fly out, F4 (Line Drive, 4, EV 76.3 MPH)
|
| Top of the 5th over - 0 runs, 0 hits, 1 error, 1 left on base; Anderson 0 - Spartanburg 0 |
| BOTTOM OF THE 5TH |
|
Spartanburg Spartans batting - Pitching for Anderson Rebels : RHP Carlos Ruiz
|
|
Batting: RHB Ron Dillard
|
0-0: Ball 1-0: Ground out 6-3 (Groundball, 6, EV 102.5 MPH)
|
|
Batting: RHB Robin Dreizler
|
0-0: Ball 1-0: Called Strike 1-1: Ball 2-1: SINGLE (Groundball, 6, EV 101.3 MPH)
|
|
Batting: SHB Michael Vanderburg
|
0-0: Called Strike 0-1: Swinging Strike 0-2: Ball 1-2: Ball 2-2: SINGLE (Flyball, 9LS, EV 98.8 MPH) Robin Dreizler to second Runner from 2nd tries for 3rd, SAFE, no throw by RF
|
|
Batting: RHB Van Sowards
|
0-0: Ball 1-0: Ball 2-0: Called Strike 2-1: Called Strike 2-2: Grounds into double play, 4-6-3 (Groundball, 4D, EV 106.3 MPH)
|
| Bottom of the 5th over - 0 runs, 2 hits, 0 errors, 1 left on base; Anderson 0 - Spartanburg 0 |
| TOP OF THE 6TH |
|
Anderson Rebels batting - Pitching for Spartanburg Spartans : LHP Scott Budner
|
|
Batting: RHB Henry Cotto
|
0-0: Called Strike 0-1: Fly out, F2 (Popup, 23F, EV 90.6 MPH)
|
|
Batting: RHB Guillermo Montiel
|
0-0: Called Strike 0-1: Foul Ball, location: 2F 0-2: Ball 1-2: SINGLE (Groundball, 4MS, EV 61.3 MPH) (infield hit)
|
|
Batting: RHB Mike Gallego
|
0-0: Called Strike 0-1: Swinging Strike 0-2: Strikes out swinging
|
|
Batting: RHB Steve Lombardozzi
|
0-0: Ball 1-0: Ball 2-0: Swinging Strike 2-1: Called Strike 2-2: Ball 3-2: Base on Balls Guillermo Montiel to second
|
|
Batting: RHB Juan Blanco
|
0-0: Reached on error, E4 (Groundball, 34, EV 101.9 MPH) Guillermo Montiel to third Steve Lombardozzi to second
|
|
Batting: RHB Todd Demeter
|
0-0: Ball 1-0: Foul Ball, location: 2F 1-1: Foul Ball, location: 2F 1-2: Ball 2-2: Ball 3-2: Base on Balls Guillermo Montiel scores Steve Lombardozzi to third Juan Blanco to second
|
|
Batting: RHB Pat Dempsey
|
0-0: Ball 1-0: Called Strike 1-1: Foul Ball, location: 2F 1-2: Ball 2-2: TRIPLE (Flyball, 89XD, EV 96.9 MPH) Steve Lombardozzi scores Juan Blanco scores Todd Demeter scores
|
|
Batting: RHB Jose Bernhardt
|
0-0: Called Strike 0-1: Ball 1-1: Foul Ball, location: 2F 1-2: Ground out 6-3 (Groundball, 56, EV 81.9 MPH)
|
| Top of the 6th over - 4 runs, 2 hits, 1 error, 1 left on base; Anderson 4 - Spartanburg 0 |
| BOTTOM OF THE 6TH |
|
Spartanburg Spartans batting - Pitching for Anderson Rebels : RHP Carlos Ruiz
|
|
Batting: RHB Gib Seibert
|
0-0: Ball 1-0: Ball 2-0: Ball 3-0: Called Strike 3-1: Called Strike 3-2: Base on Balls
|
|
Batting: LHB John Hennell
|
0-0: Ball 1-0: Called Strike 1-1: Called Strike 1-2: Foul Ball, location: 2F 1-2: Ball 2-2: Strikes out swinging
|
|
Batting: RHB Dan Boever
|
0-0: Called Strike 0-1: Fly out, F8 (Flyball, 8RXD, EV 75.0 MPH)
|
|
Batting: LHB Albert Ortiz
|
0-0: Called Strike 0-1: Ground out 1-3 (Groundball, 13, EV 70.6 MPH)
|
| Bottom of the 6th over - 0 runs, 0 hits, 0 errors, 1 left on base; Anderson 4 - Spartanburg 0 |
| TOP OF THE 7TH |
|
Anderson Rebels batting - Pitching for Spartanburg Spartans : LHP Scott Budner
|
|
Batting: RHB Hector Ordonez
|
0-0: Ball 1-0: Swinging Strike 1-1: Swinging Strike 1-2: Ball 2-2: Foul Ball, location: 2F 2-2: Ball 3-2: Ground out 1-3 (Groundball, 13S, EV 71.9 MPH)
|
|
Batting: RHB Henry Cotto
|
0-0: Foul Ball, location: 2F 0-1: Ball 1-1: Ground out 5-3 (Groundball, 56, EV 102.5 MPH)
|
|
Batting: RHB Guillermo Montiel
|
0-0: Ball 1-0: Ball 2-0: Called Strike 2-1: Swinging Strike 2-2: Ground out 4-3 (Groundball, 4M, EV 104.4 MPH)
|
| Top of the 7th over - 0 runs, 0 hits, 0 errors, 0 left on base; Anderson 4 - Spartanburg 0 |
| BOTTOM OF THE 7TH |
|
Spartanburg Spartans batting - Pitching for Anderson Rebels : RHP Carlos Ruiz
|
|
Batting: LHB Ross Kingsley
|
0-0: Swinging Strike 0-1: Foul Ball, location: 2F 0-2: Strikes out swinging
|
|
Batting: RHB Ron Dillard
|
0-0: Ball 1-0: Swinging Strike 1-1: SINGLE (Line Drive, 9S, EV 100.6 MPH)
|
|
Batting: RHB Robin Dreizler
|
0-0: Ball 1-0: Ball Ron Dillard steals 2nd base 2-0: Ball 3-0: Called Strike 3-1: Foul Ball, location: 2F 3-2: Fly out, F9 (Flyball, 9D, EV 76.9 MPH) Runner from 2nd tags up, SAFE at 3rd, no throw by RF
|
|
Batting: SHB Michael Vanderburg
|
0-0: Foul Ball, location: 2F 0-1: Swinging Strike 0-2: Foul Ball, location: 2F 0-2: Fly out, F3 (Flyball, 34D, EV 81.9 MPH)
|
| Bottom of the 7th over - 0 runs, 1 hit, 0 errors, 1 left on base; Anderson 4 - Spartanburg 0 |
| TOP OF THE 8TH |
|
Anderson Rebels batting - Pitching for Spartanburg Spartans : LHP Scott Budner
|
|
Batting: RHB Mike Gallego
|
0-0: DOUBLE (Line Drive, 9LS, EV 97.5 MPH)
|
|
Batting: RHB Steve Lombardozzi
|
0-0: Fly out, F8 (Flyball, 8RXD, EV 86.9 MPH) Runner from 2nd tags up, SAFE at 3rd, no throw by CF
|
|
Batting: RHB Juan Blanco
|
0-0: Ball 1-0: Fly out, F8 (Line Drive, 8LM, EV 93.1 MPH) Runner from 3rd tags up, SCORES, no throw by CF
|
|
Batting: RHB Todd Demeter
|
0-0: Foul Ball, location: 2F 0-1: Foul Ball, location: 2F 0-2: Foul Ball, location: 2F 0-2: Hit by Pitch
|
|
Batting: RHB Pat Dempsey
|
0-0: Ball 1-0: 2-RUN HOME RUN (Flyball, 7LD, EV 101.3 MPH), Distance : 356 ft
|
|
Batting: RHB Jose Bernhardt
|
0-0: Ground out 1-3 (Groundball, 13S, EV 58.8 MPH)
|
| Top of the 8th over - 3 runs, 2 hits, 0 errors, 0 left on base; Anderson 7 - Spartanburg 0 |
| BOTTOM OF THE 8TH |
|
Spartanburg Spartans batting - Pitching for Anderson Rebels : RHP Carlos Ruiz
|
|
Batting: RHB Van Sowards
|
0-0: Ball 1-0: Foul Ball, location: 2F 1-1: Foul Ball, location: 2F 1-2: Ball 2-2: Foul Ball, location: 2F 2-2: SINGLE (Line Drive, 9S, EV 93.8 MPH)
|
|
Batting: RHB Gib Seibert
|
0-0: Ball 1-0: Called Strike 1-1: Swinging Strike 1-2: Foul Ball, location: 2F 1-2: Foul Ball, location: 2F 1-2: Foul Ball, location: 2F 1-2: Strikes out looking
|
|
Batting: LHB John Hennell
|
0-0: 2-RUN HOME RUN (Flyball, 9D, EV 110.6 MPH), Distance : 377 ft
|
|
Batting: RHB Dan Boever
|
0-0: Called Strike 0-1: Ball 1-1: Foul Ball, location: 2F 1-2: Ball 2-2: Fly out, F8 (Flyball, 8LD, EV 87.5 MPH)
|
|
Batting: LHB Albert Ortiz
|
0-0: SINGLE (Groundball, 4MS, EV 63.8 MPH) (infield hit)
|
|
Batting: LHB Ross Kingsley
|
0-0: Ball 1-0: Ball 2-0: Foul Ball, location: 2F 2-1: Swinging Strike 2-2: Strikes out swinging
|
| Bottom of the 8th over - 2 runs, 3 hits, 0 errors, 1 left on base; Anderson 7 - Spartanburg 2 |
| TOP OF THE 9TH |
|
Anderson Rebels batting - Pitching for Spartanburg Spartans : LHP Scott Budner
|
|
Batting: RHB Hector Ordonez
|
0-0: Fly out, F9 (Flyball, 89D, EV 85.6 MPH)
|
|
Batting: RHB Henry Cotto
|
0-0: Ball 1-0: Ball 2-0: SINGLE (Groundball, 25, EV 73.1 MPH) (infield hit)
|
|
Batting: RHB Guillermo Montiel
|
0-0: Ball 1-0: Called Strike 1-1: Called Strike Henry Cotto steals 2nd base (no throw) 1-2: Ball 2-2: Ground out 1-3 (Groundball, 13, EV 75.0 MPH) Henry Cotto to third
|
|
Batting: RHB Mike Gallego
|
0-0: Ball 1-0: Foul Ball, location: 2F 1-1: Foul Ball, location: 2F 1-2: Fly out, F8 (Flyball, 8LS, EV 76.9 MPH)
|
| Top of the 9th over - 0 runs, 1 hit, 0 errors, 1 left on base; Anderson 7 - Spartanburg 2 |
| BOTTOM OF THE 9TH |
|
Spartanburg Spartans batting - Pitching for Anderson Rebels : RHP Carlos Ruiz
|
|
Batting: RHB Ron Dillard
|
0-0: Foul Ball, location: 2F 0-1: Ball 1-1: Called Strike 1-2: Foul Ball, location: 2F 1-2: SINGLE (Groundball, 4MD, EV 109.4 MPH)
|
|
Pitching: RHP Mike Cuellar
|
|
|
Batting: RHB Robin Dreizler
|
0-0: Swinging Strike 0-1: Foul Ball, location: 2F 0-2: Foul Ball, location: 2F 0-2: Foul Ball, location: 2F 0-2: Ball 1-2: Foul Ball, location: 2F 1-2: SINGLE (Groundball, 34, EV 105.6 MPH) Ron Dillard to second
|
|
Batting: SHB Michael Vanderburg
|
0-0: Called Strike 0-1: Ball 1-1: Ball 2-1: Ball 3-1: SINGLE (Line Drive, 4MD, EV 103.1 MPH) Ron Dillard to third Robin Dreizler to second
|
|
Batting: RHB Van Sowards
|
0-0: Grounds into double play, 4-6-3 (Groundball, 4, EV 112.5 MPH) Ron Dillard scores Robin Dreizler to third
|
|
Batting: RHB Gib Seibert
|
0-0: Ball 1-0: Ball 2-0: Called Strike 2-1: Swinging Strike 2-2: Ball 3-2: Foul Ball, location: 2F 3-2: Foul Ball, location: 2F 3-2: Foul Ball, location: 2F 3-2: Base on Balls
|
|
Batting: LHB John Hennell
|
0-0: Swinging Strike 0-1: Ball 1-1: Foul Ball, location: 2F 1-2: Ball 2-2: Strikes out swinging
|
| Bottom of the 9th over - 1 run, 3 hits, 0 errors, 2 left on base; Anderson 7 - Spartanburg 3 |
|